 Dungeon Crawl Stone Soup version 0.29.0-13-gc9e81de378 (webtiles) character file.

Game seed: 5489759968085402341

29 Turgor the Caller (level 3, 0/14 HPs)
             Began as a Felid Summoner on Sept 6, 2022.
             Slain by an adder (4 damage)
             ... on level 2 of the Dungeon on Sept 7, 2022.
             The game lasted 00:07:06 (1080 turns).

Turgor the Caller (Felid Summoner)                  Turns: 1080, Time: 00:07:07

Health: 0/14       AC:  1    Str:  4    XL:     3   Next: 1%
Magic:  1/7        EV: 17    Int: 18    God:
Gold:   15         SH:  0    Dex: 16    Spells: 1/7 levels left
                                        Lives:  0   Deaths: 0

rFire   . . .      SeeInvis +   (weapon unavailable)
rCold   . . .      Faith    .   (shield unavailable)
rNeg    . . .      Spirit   .   (body armour unavailable)
rPois   .          Reflect  .   (helmet unavailable)
rElec   .          Harm     .   (cloak unavailable)
rCorr   .          Rampage  .   (gloves unavailable)
Will    .....                   (boots unavailable)
Stlth   ++........              (no amulet)
HPRegen 0.04/turn               (no ring)
MPRegen 0.10/turn               (no ring)

@: lethally poisoned (0 -> -3), quick
A: very small, claws 1, fangs 3, see invisible, speed 1, shaggy fur 1, stealthy
paws, no weapons or thrown items, no armour, multi-lived
a: no special abilities


You were on level 2 of the Dungeon.
You visited 1 branch of the dungeon, and saw 2 of its levels.

You collected 37 gold pieces.
You spent 22 gold pieces at shops.

Inventory:

Jewellery
 h - a ring of fire
Scrolls
 d - a scroll of teleportation {unknown}
 e - a scroll of fear {unknown}
 g - a scroll of enchant weapon {unknown}
 i - a scroll of poison {unknown}
 k - a scroll of silence {unknown}
Potions
 a - 2 potions of magic
 b - 3 potions of curing
 j - a potion of attraction {unknown}


   Skills:
 - Level 3.0 Dodging
 - Level 3.0 Stealth
 + Level 2.5 Spellcasting
 + Level 4.4 Summonings


You had one spell level left.
You knew the following spells:

 Your Spells              Type           Power      Damage    Failure   Level
a - Summon Small Mammal   Summ           72%        N/A       2%          1
b - Call Imp              Summ           18%        N/A       4%          2
c - Call Canine Familiar  Summ           18%        N/A       9%          3

Your spell library contained the following spells:

 Spells                   Type           Power      Damage    Failure   Level
 Summon Guardian Golem    Hex/Summ       10%        N/A       21%         3
 Summon Lightning Spire   Summ/Air       10%        N/A       56%         4
 Summon Cactus Giant      Summ           9%         N/A       99%         6
 Dragon's Call            Summ           9%         N/A       100%        9


Dungeon Overview and Level Annotations

Branches:
Dungeon (2/15)

Altars:

Shops:
D:2 ?


Innate Abilities, Weirdness & Mutations

You have sharp claws.
You have razor-sharp teeth.
You have supernaturally acute eyesight. (SInv)
You cover ground quickly. (Speed+)
You are covered in fur. (AC +1)
Your paws help you pounce on unaware monsters.
You are incapable of wielding weapons or throwing items.
You cannot wear armour.
You gain extra lives every three experience levels.


Message History

Your rat's corpse disappears in a puff of smoke!
Casting: Summon Small Mammal (safe; 2% risk of failure)
Confirm with . or Enter, or press ? or * to list all spells.
Your quokka bites the adder.
Your crimson imp closely misses the adder.
Your quokka completely misses the adder.
Your crimson imp closely misses the adder.
Your rat closely misses the adder.
The adder misses you.
You barely miss the adder.
The adder is heavily wounded.
Your rat misses the adder. The adder completely misses you.
You closely miss the adder.
The adder is heavily wounded.
The adder bites you but does no damage.
Your rat completely misses the adder.
Your crimson imp blinks!
Your quokka closely misses the adder.
You closely miss the adder.
The adder is heavily wounded.
The adder misses you.
Your rat misses the adder.
Your quokka barely misses the adder.
You closely miss the adder.
The adder is heavily wounded.
The adder bites you.
Your quokka barely misses the adder.
Your rat bites the adder.
The adder bites you.
You scratch the adder.
The adder is almost dead.
Your quokka closely misses the adder.
Your rat closely misses the adder.
The adder bites you.
You are poisoned.
The adder poisons you!
You miss the adder.
The adder is almost dead.
You feel sick.
Your quokka misses the adder. The adder misses you.
Your rat bites the adder but does no damage.
Your quokka completely misses the adder.
You miss the adder. Your bite misses the adder.
The adder is almost dead.
* * * LOW HITPOINT WARNING * * *
You feel sick. The adder bites you.
You die...

.$...............###
....................
..................#
..................#
.......5..........#
.............#
..........r..#
.........Sr..#
........@....#
############.#
#.....# #.##### #.#
#########'#####
#..∩..........#
#..........##.###
#..........##...#


You could see an adder (ally target), a friendly crimson imp (summoned), a
friendly quokka (summoned) and a friendly rat (summoned).

Vanquished Creatures
  A giant cockroach (D:2)
  A jackal (D:1)
  A quokka (D:1)
3 creatures vanquished.

Vanquished Creatures (collateral kills)
  2 endoplasms (D:1)
  A giant cockroach (D:1)
  5 hobgoblins (D:1)
  A jackal (D:1)
  A quokka (D:1)
  4 ball pythons
  A bat (D:1)
  A frilled lizard (D:1)
  2 goblins (D:1)
  2 kobolds (D:1)
  2 rats (D:1)
22 creatures vanquished.

Grand Total: 25 creatures vanquished

Notes
Turn   | Place    | Note
-------+----------+-------------------------------------------
     0 | D:1      | Turgor the Felid Summoner began the quest for the Orb.
     0 | D:1      | Reached XP level 1. HP: 7/7 MP: 4/4
    14 | D:1      | Upgraded the game from 0.29.0-11-gd7f09526c8 to
                  | 0.29.0-13-gc9e81de378
   242 | D:1      | Reached XP level 2. HP: 11/11 MP: 4/6
   346 | D:1      | Learned a level 2 spell: Call Imp
   576 | D:1      | Found a faded altar of an unknown god.
   823 | D:1      | Got the Discourse on the Commander
   957 | D:2      | Found Racvu's Magic Scroll Shoppe.
   968 | D:2      | Bought a scroll of identify for 22 gold pieces
   998 | D:2      | Reached XP level 3. HP: 13/14 MP: 0/7
  1002 | D:2      | Learned a level 3 spell: Call Canine Familiar
  1080 | D:2      | Slain by an adder

Illustrated notes

Levels and vault maps discovered:
D:1:      lightli_arrival_quake, layout_rooms, ebering_ecumenical_altar_rust,
          grunt_decor_one_mirror
D:2:      layout_basic, serial_shops, shop

Skill      XL: |  1 |
---------------+----+-----
Stealth        | 3 |  3.0
Dodging        | 3 |  3.0
Spellcasting   | |  2.5
Summonings     | |  4.4

Action                   || total
-------------------------++-------
Melee: Unarmed           ||    15
       Bite              ||     1
 Cast: Summon Small Mamm ||    27
       Call Imp          ||    15
  Use: Scroll            ||     2
Armor: Skin              ||     1
Dodge: Dodged            ||    16
